 Dungeon Crawl Stone Soup version 0.27-a0-802-gbe893936b8 (webtiles) character file.

Game seed: 16904496123465157429

37 Essalna the Magician (level 3, -1/28 HPs)
             Began as a Djinni Venom Mage on Mar 28, 2021.
             Slain by an adder (3 damage)
             ... on level 2 of the Dungeon.
             The game lasted 00:03:22 (2038 turns).

Essalna the Magician (Djinni Venom Mage)            Turns: 2038, Time: 00:03:23

Health: -1/28      AC:  2    Str:  7    XL:     3   Next: 41%
Gold:   36         EV: 12    Int: 17    God:
                   SH:  0    Dex: 13

rFire    + + .     SeeInvis .   f - +2 dagger (protect)
rCold    x . .     Faith    .   (no shield)
rNeg     . . .     Spirit   .   a - +0 robe
rPois    ∞         Reflect  .   (no helmet)
rElec    .         Harm     .   (no cloak)
rCorr    .         Rampage  .   (no gloves)
Will     .....                  (boots unavailable)
Stlth    ++........             (no amulet)
HPRegen  0.09/turn              (no ring)
MPRegen  0.00/turn              (no ring)

@: flying, hasted, very quick
A: fire resistance 2, cold vulnerability 1, float, innate caster, hp casting,
extra vitality 1
a: no special abilities


You were on level 2 of the Dungeon.
You visited 1 branch of the dungeon, and saw 2 of its levels.

You collected 36 gold pieces.

Inventory:

Hand Weapons
 c - a +0 mace of holy wrath
 f - a +2 dagger of protection (weapon)
Armour
 a - a +0 robe (worn)
Jewellery
 b - a ring of positive energy


   Skills:
 + Level 2.0 Fighting
 - Level 2.1 Dodging
 - Level 1.5 Stealth
 + Level 3.2 Spellcasting


You couldn't memorise any spells.
You knew the following spells:

 Your Spells              Type           Power      Damage    Failure   Level
a - Sting                 Tmut/Pois      52%        1d5       4%          1
b - Poisonous Vapours     Pois/Air       26%        N/A       7%          2
c - Mephitic Cloud        Conj/Pois/Air  13%        N/A       13%         3
d - Ignite Poison         Fire/Tmut/Pois 13%        N/A       13%         3
e - Olgreb's Toxic Radia  Pois           13%        N/A       41%         4
f - Foxfire               Conj/Fire      52%        2x1d6     4%          1
Your spell library was empty.

Dungeon Overview and Level Annotations

Branches:
Dungeon (2/15)

Altars:

Annotations:
D:2 Robin


Innate Abilities, Weirdness & Mutations

You are immune to poison.
Your flesh is very heat resistant. (rF++)
You are vulnerable to cold. (rC-)
You float through the air rather than walking.
You learn spells naturally, not from books.
Your magical power is your life essence.
You have superior vitality. (+4 HP)


Message History

The sting hits the goblin.
The goblin looks even sicker.
You kill the goblin!
Your Fighting skill increases to level 2!
Casting: Sting (safe; 4% risk of failure)
Confirm with . or Enter, or press ? or * to list all spells.
Aiming: Sting (safe; 4% risk of failure)
Press: ? - help, Shift-Dir - straight line, f - Robin
Aim: Robin, wielding a +3 club, wearing a +0 animal skin and wearing a +0 helmet (21% to evade)
The sting hits Robin but does no damage.
Robin is poisoned.
Robin closely misses you.
Casting: Sting (safe; 4% risk of failure)
Confirm with . or Enter, or press ? or * to list all spells.
Aiming: Sting (safe; 4% risk of failure)
Press: ? - help, Shift-Dir - straight line, f/p - Robin
Aim: Robin, wielding a +3 club, wearing a +0 animal skin and wearing a +0 helmet (lightly wounded, poisoned, 21% to evade)
The sting hits Robin.
Robin looks even sicker.
Robin is moderately wounded.
Robin hits you with a +3 club!
Casting: Sting (safe; 4% risk of failure)
Confirm with . or Enter, or press ? or * to list all spells.
Aiming: Sting (safe; 4% risk of failure)
Press: ? - help, Shift-Dir - straight line, f/p - Robin
Aim: Robin, wielding a +3 club, wearing a +0 animal skin and wearing a +0 helmet (moderately wounded, very poisoned, 21% to evade)
The sting misses Robin.
Robin hits you with a +3 club.
* * * LOW HITPOINT WARNING * * *
Things that are here:
a +0 dagger; a goblin corpse Robin drinks a potion.
Robin is healed!
Robin looks more healthy.
An adder comes into view.
As you read the scroll labelled UBROIPPIU RIOV, it crumbles to dust.
It is a scroll of identify.
d - a potion of haste
As you read the scroll labelled XUXALL BYIRI, it crumbles to dust.
The scroll dissolves into smoke.
It was a scroll of fog.
You feel yourself speed up. Robin hits you with a +3 club!
* * * LOW HITPOINT WARNING * * *
An adder comes into view.
The adder hisses angrily.
The adder bites you.
You die...

.. ..### ##### ....
....# ##..#####....#
............##
#...........#
#....S......#
##§§S......$
#§§#@####..
#g##........
#§#######..>
######§### ......§§l.#
#### ........#.#
#B.....
........#l##.......
...................
......................


You could see 2 adders.

Vanquished Creatures
  A dart slug (D:2)
  A ball python (D:2)
  3 endoplasms
  A giant cockroach (D:2)
  14 goblins
  2 kobolds
  2 bats (D:1)
  2 frilled lizards (D:2)
  5 rats (D:1)
31 creatures vanquished.

Notes
Turn   | Place    | Note
-------+----------+-------------------------------------------
     0 | D:1      | Essalna the Djinni Venom Mage began the quest for the Orb.
     0 | D:1      | Reached XP level 1. HP: 15/15 MP: 0/0
   574 | D:1      | Reached skill level 1 in Fighting
   574 | D:1      | Reached XP level 2. HP: 9/22 MP: 0/0
  1097 | D:2      | Reached skill level 3 in Spellcasting
  1381 | D:2      | Noticed Robin
  1395 | D:1      | Reached XP level 3. HP: 19/28 MP: 0/0
  1395 | D:1      | Learned a level 1 spell: Foxfire
  2038 | D:2      | Slain by an adder

Illustrated notes

Levels and vault maps discovered:
D:1:      evilmike_arrival_plus, layout_basic
D:2:      layout_rooms, overflow_temple_1_default,
          chequers_temple_overflow_statue_of_worship, serial_curves,
          eino_curves_02, eino_curves_03, kennysheep_slug_shrine, uniq_robin

Skill      XL: |  1  2  3 |
---------------+----------+-----
Fighting       | 1 2 |  2.0
Spellcasting   | 3 |  3.2
Dodging        | |  2.1
Stealth        | |  1.5

Action                   || total
-------------------------++-------
Melee: Mace              ||     6
 Cast: Sting             ||    55
  Use: Scroll            ||     2
       Potion            ||     1
 Stab: Sleeping          ||     2
Armor: Robe              ||    14
Dodge: Dodged            ||    25

Table legend: (Time is in decaauts)
 A = Elapsed time spent in this place.
 B = Non-inter-level travel time spent in this place.
 C = Inter-level travel time spent in this place.
 D = Time resting spent in this place.
 E = Time spent auto-exploring this place.
 F = Levels seen in this place.
 G = Mean time per level.
                   A        B        C        D        E       F      G
               +--------+--------+--------+--------+--------+-----+--------+
         Total |   2044 |   1952 |     92 |    508 |   1228 |   2 | 1022.0 |
       Dungeon |   2044 |   1952 |     92 |    508 |   1228 |   2 | 1022.0 |
               +--------+--------+--------+--------+--------+-----+--------+

Top non-repeatable levels by time:
     D:1: 1908 daAuts
     D:2: 135 daAuts
